 Dungeon Crawl Stone Soup version 0.23-b1-49-g13d5857 (webtiles) character file.

Game seed: 8204726608666912784

2443 poirepourri the Cleaver (level 9, 0/89 HPs)
             Began as a Minotaur Fighter on Feb 3, 2019.
             Slain by a wight
             ... wielding a cursed +0 battleaxe
              (6 damage)
             ... on level 7 of the Dungeon.
             The game lasted 00:07:34 (7358 turns).

poirepourri the Cleaver (Minotaur Fighter)          Turns: 7358, Time: 00:07:35

Health: 0/89       AC:  6    Str: 21    XL:     9   Next: 25%
Magic:  8/8        EV:  7    Int:  5    God:
Gold:   108        SH: 10    Dex: 13    Spells: 8/8 levels left

rFire    + . .     SeeInvis .   a - +1 war axe
rCold    . . .     Gourm    .   c - +1 shield
rNeg     . . .     Faith    .   b - +0 scale mail
rPois    .         Spirit   .   (helmet restricted)
rElec    +         Reflect  .   (no cloak)
rCorr    .         Harm     .   (no gloves)
MR       .....                  (no boots)
Stlth    ..........             (no amulet)
HPRegen  0.24/turn              (no ring)
MPRegen  0.11/turn              (no ring)

@: hasted, drained, very quick
A: retaliatory headbutt, horns 2, fire resistance 1, robust 1, electricity
resistance
a: no special abilities


You were on level 7 of the Dungeon.
You were not hungry.

You visited 1 branch of the dungeon, and saw 7 of its levels.

You collected 308 gold pieces.
You spent 200 gold pieces at shops.

Inventory:

Hand Weapons
 a - a +1 war axe (weapon)
Missiles
 n - 32 bolts
Armour
 b - a +0 scale mail (worn)
 c - a +1 shield (worn)
 k - a +0 cloak
Jewellery
 g - an uncursed amulet of the acrobat {unknown}
 i - an uncursed amulet of the acrobat {unknown}
 l - an uncursed ring of fire
Comestibles
 d - 6 rations


   Skills:
 - Level 8.1(7.0) Fighting
 - Level 12.4(11.1) Axes
 - Level 3.6(2.5) Armour
 + Level 4.8(3.7) Shields


You had 8 spell levels left.
You didn't know any spells.
Your spell library contained the following spells:

 Spells                   Type           Power        Failure   Level  Hunger
 Confusing Touch          Hex            #.....       99%         1    ##.....
 Confuse                  Hex            #.......     100%        3    ####...
 Gell's Gravitas          Tloc           #.........   100%        3    ####...
 Petrify                  Tmut/Erth      #.......     100%        4    #####..
 Metabolic Englaciation   Hex/Ice        #.........   100%        5    ######.
 Yara's Violent Unravell  Hex/Tmut       #.........   100%        5    ######.


Dungeon Overview and Level Annotations

Branches:
Dungeon (7/15)
 Temple: D:4-7

Altars:
Ashenzari
Cheibriados
Elyvilon
Fedhas
Gozag
Kikubaaqudgha
Nemelex Xobeh
Trog
Vehumet
The Shining One

Shops:
D:6 %

Annotations:
D:4 Natasha
D:7 Harold


Innate Abilities, Weirdness & Mutations

You reflexively headbutt those who attack you in melee.
You have a pair of horns on your head.
Your flesh is heat resistant. (rF+)
You are robust. (+10% HP)
You are resistant to electric shocks. (rElec)


Message History

Harold is almost dead.
You hit the wight but do no damage. The wight barely misses you.
You furiously retaliate!
You headbutt the wight. You block the orc's attack.
Unknown command.
Unknown command.
Unknown command.
You hit Harold but do no damage.
Harold is almost dead.
You hit the wight.
Harold hits you with a cursed +0 war axe.
* * * LOW HITPOINT WARNING * * *
You block the orc's attack.
Unknown command.
Unknown command.
Unknown command.
You closely miss Harold.
Harold is almost dead.
You hit the wight but do no damage.
The wight hits you with a cursed +0 battleaxe.
You die...

#### #.. . #.#####.###.
#)......... ))..####(####.
....##.....##.# .#
....#.......#.########..#
....#.......#.##@zz.....
.......[_.....##@#z###..
....#.......#.##o#ยง#..
.#..#.......#..#o#.#.#
....##..5..##......#.#
##..####5####.##.##.?#
#.......5....##.##.##
#.#######.#####.##z###.#.#
#.# #.........@o.....#


You could see Harold, 3 wights and 2 orcs.

Vanquished Creatures
  Grinder (D:6)
  Sigmund (D:4)
  An ice beast (D:5)
  2 orc warriors
  A sky beast (D:5)
  3 ogres (D:4)
  4 bullfrogs
  A scorpion (D:5)
  2 wights (D:7)
  2 howler monkeys
  7 orc priests
  2 hounds
  A jelly (D:6)
  A centaur skeleton (D:4)
  An iguana (D:5)
  3 worker ants
  Natasha (twice) (D:4)
  5 orc wizards
  A killer bee zombie (D:6)
  A hound skeleton (D:4)
  Robin (D:4)
  6 gnolls (D:2)
  9 adders
  3 river rats (D:4)
  An adder skeleton (D:6)
  4 worms
  A leopard gecko (D:4)
  23 orcs
  2 ball pythons
  9 bats
  A bat zombie (D:3)
  9 giant cockroaches
  13 goblins
  11 hobgoblins
  10 jackals
  7 kobolds
  3 quokkas
  2 frilled lizards
  2 leopard gecko zombies
  A quokka skeleton (D:4)
  8 rats
  3 rat zombies (D:3)
171 creatures vanquished.

Vanquished Creatures (collateral kills)
  2 orcs (D:7)
2 creatures vanquished.

Grand Total: 173 creatures vanquished

Notes
Turn   | Place    | Note
-------+----------+-------------------------------------------
     0 | D:1      | poirepourri the Minotaur Fighter began the quest for the
                  | Orb.
     0 | D:1      | Reached XP level 1. HP: 19/19 MP: 0/0
   130 | D:1      | Reached skill level 3 in Axes
   148 | D:1      | Reached XP level 2. HP: 26/26 MP: 1/1
   319 | D:1      | Reached skill level 4 in Axes
   618 | D:2      | Reached XP level 3. HP: 23/31 MP: 2/2
   781 | D:2      | Reached skill level 5 in Axes
   852 | D:2      | Reached XP level 4. HP: 31/39 MP: 3/3
  1448 | D:3      | Reached skill level 6 in Axes
  1542 | D:3      | Found a sparkling altar of Nemelex Xobeh.
  1555 | D:3      | Found an opulent altar of Gozag.
  1608 | D:3      | Reached XP level 5. HP: 10/45 MP: 4/4
  1780 | D:3      | Reached skill level 7 in Axes
  2051 | D:3      | Found an ancient bone altar of Kikubaaqudgha.
  2456 | D:4      | Reached XP level 6. HP: 22/51 MP: 5/5
  2740 | D:4      | Reached skill level 8 in Axes
  2756 | D:4      | Noticed Sigmund
  2770 | D:4      | Noticed Robin
  2771 | D:4      | Gained mutation: Your flesh is heat resistant. (rF+)
                  | [potion of mutation]
  2771 | D:4      | Gained mutation: You are resistant to electric shocks.
                  | (rElec) [potion of mutation]
  2771 | D:4      | Gained mutation: You are robust. (+10% HP) [potion of
                  | mutation]
  2772 | D:4      | Noticed Natasha
  2781 | D:4      | HP: 2/56 [hobgoblin/+0 club[Robin] (5)]
  3094 | D:4      | Killed Robin
  3336 | D:4      | Killed Sigmund
  3336 | D:4      | Reached skill level 9 in Axes
  3336 | D:4      | Reached XP level 7. HP: 16/62 MP: 6/6
  4081 | D:4      | Killed Natasha
  4293 | D:4      | Reached skill level 10 in Axes
  4359 | D:4      | Noticed Natasha
  4363 | D:4      | Killed Natasha
  4488 | D:4      | Noticed Natasha
  5120 | D:4      | Found a snail-covered altar of Cheibriados.
  5166 | D:4      | Reached skill level 11 in Axes
  5194 | D:4      | Found a blossoming altar of Fedhas.
  5211 | D:4      | Reached XP level 8. HP: 70/70 MP: 7/7
  5567 | D:5      | Entered Level 5 of the Dungeon
  5646 | D:5      | Reached skill level 12 in Axes
  5961 | D:5      | Found a shattered altar of Ashenzari.
  5965 | D:5      | Saw a vision of the Shoals and the Snake Pit.
  5965 | D:5      | Noticed a black mamba
  5965 | D:5      | Noticed a naga mage
  5965 | D:5      | Noticed a naga mage
  5965 | D:5      | Noticed a shock serpent
  5965 | D:5      | Noticed an anaconda
  5965 | D:5      | Noticed a merfolk siren
  5965 | D:5      | Noticed a sea snake
  5965 | D:5      | Noticed a merfolk siren
  5965 | D:5      | Noticed a merfolk
  5966 | D:5      | Noticed a salamander
  5966 | D:5      | Noticed an anaconda
  5966 | D:5      | Noticed a black mamba
  5966 | D:5      | Noticed a naga mage
  5967 | D:5      | Noticed a naga ritualist
  5968 | D:5      | Noticed a naga mage
  6060 | D:5      | Reached skill level 5 in Fighting
  6214 | D:6      | Found Soraesy's Food Emporium.
  6216 | D:6      | Found a white marble altar of Elyvilon.
  6312 | D:6      | Found a glowing golden altar of the Shining One.
  6391 | D:6      | Found a bloodstained altar of Trog.
  6391 | D:6      | Noticed Grinder
  6394 | D:6      | Paralysed by Grinder for 5 turns
  6415 | D:6      | Paralysed by Grinder for 6 turns
  6419 | D:6      | HP: 3/77 [Grinder (5)]
  6427 | D:6      | Paralysed by Grinder for 7 turns
  6435 | D:6      | Killed Grinder
  6435 | D:6      | Reached XP level 9. HP: 17/86 MP: 8/8
  7140 | D:6      | Bought a ration for 50 gold pieces
  7140 | D:6      | Bought a ration for 50 gold pieces
  7140 | D:6      | Bought a ration for 50 gold pieces
  7140 | D:6      | Bought a ration for 50 gold pieces
  7293 | D:7      | Found a radiant altar of Vehumet.
  7315 | D:7      | Noticed Harold
  7358 | D:7      | Slain by a wight

Skill      XL: |  1  2  3  4  5  6  7  8  9 |
---------------+----------------------------+-----
Axes           | 3 4 5 6 7 9 11 12 | 12.4
Fighting       | 7 8 |  8.1
Shields        | 4 |  4.8
Armour         | |  3.6

Action                   |  1- 3 |  4- 6 |  7- 9 || total
-------------------------+-------+-------+-------++-------
Melee: War axe           |    63 |   144 |   257 ||   464
       Headbutt          |     9 |    26 |    40 ||    75
  Use: Scroll            |     4 |     5 |     6 ||    15
       Potion            |     1 |     5 |     4 ||    10
  Eat: Ration            |       |     3 |     4 ||     7
Armor: Scale mail        |    22 |    44 |    69 ||   135
Dodge: Dodged            |    24 |    27 |    56 ||   107
Block: Shield            |    36 |    94 |   112 ||   242
